NCAA
VANDERBILT COMMODORES @ TENNESSEE VOLUNTEERS
03/12/1972
 
TOP OF THE 1ST
Vanderbilt Commodores batting - Pitching for Tennessee Volunteers : RHP Dusty Tomac
Pitching: RHP Dusty Tomac
Batting: RHB Joe Zinser 0-0: Ball
1-0: Called Strike
1-1: Ball
2-1: Swinging Strike
2-2: Foul Ball, location: 2F
2-2: Ball
3-2: Ground out 5-3 (Groundball, 5)
Batting: RHB Pat Jackson 0-0: Fly out, F8 (Line Drive, 8LM)
Batting: SHB Justin Daley 0-0: Fly out, F8 (Flyball, 8LM)
Top of the 1st over - 0 runs, 0 hits, 0 errors, 0 left on base; Vanderbilt 0 - Tennessee 0
BOTTOM OF THE 1ST
Tennessee Volunteers batting - Pitching for Vanderbilt Commodores : RHP Mark Novak
Pitching: RHP Mark Novak
Batting: LHB Harry Broadnax 0-0: Ball
1-0: Ball
2-0: Fly out, F6 (Line Drive, 6M)
Batting: RHB Andy LaFerla 0-0: Ball
1-0: Fly out, F8 (Line Drive, 8LD)
Batting: RHB Nate Clements 0-0: Foul Ball, location: 2F
0-1: SINGLE (Groundball, 6MD)
Batting: LHB Guy Earley 0-0: Foul Ball, location: 2F
0-1: Fielders Choice at 2nd, 6-4 (Groundball, 6)
Bottom of the 1st over - 0 runs, 1 hit, 0 errors, 1 left on base; Vanderbilt 0 - Tennessee 0
TOP OF THE 2ND
Vanderbilt Commodores batting - Pitching for Tennessee Volunteers : RHP Dusty Tomac
Batting: RHB Cody Faulkner 0-0: Ball
1-0: Foul Ball, location: 2F
1-1: SOLO HOME RUN (Flyball, 7D), Distance : 399 ft
Batting: SHB Frank Gaylord 0-0: Called Strike
0-1: Called Strike
0-2: Ball
1-2: Strikes out swinging
Batting: RHB Justin Fletcher 0-0: Ball
1-0: Foul Ball, location: 2F
1-1: Ball
2-1: Ball
3-1: Base on Balls
Batting: RHB David Richardson 0-0: Ball
1-0: Called Strike
1-1: Ball
2-1: Ball
3-1: Base on Balls
Justin Fletcher to second
Batting: RHB Sean Forbes 0-0: Ball
1-0: Swinging Strike
1-1: Ball
2-1: Ball
3-1: Foul Ball, location: 2F
3-2: Foul Ball, location: 2F
3-2: Base on Balls
Justin Fletcher to third
David Richardson to second
Batting: RHB Nick Eminhizer 0-0: Called Strike
0-1: Called Strike
0-2: Foul Ball, location: 2F
0-2: Foul Ball, location: 2F
0-2: Strikes out looking
Batting: RHB Joe Zinser 0-0: Ball
1-0: Swinging Strike
1-1: Ball
2-1: Foul Ball, location: 2F
2-2: SINGLE (Line Drive, 4MD)
Justin Fletcher scores
David Richardson to third
Sean Forbes to second
Batting: RHB Pat Jackson 0-0: Ball
1-0: Called Strike
1-1: Swinging Strike
1-2: Strikes out swinging
Top of the 2nd over - 2 runs, 2 hits, 0 errors, 3 left on base; Vanderbilt 2 - Tennessee 0
BOTTOM OF THE 2ND
Tennessee Volunteers batting - Pitching for Vanderbilt Commodores : RHP Mark Novak
Batting: RHB Byung-doo Shong 0-0: Ball
1-0: Ball
2-0: Ball
3-0: Base on Balls
Batting: RHB Mike Hooey 0-0: Ball
1-0: Ball
2-0: Called Strike
2-1: DOUBLE (Line Drive, 9LM)
Byung-doo Shong to third
Runner from 3rd tries for Home, SAFE, no throw
Batting: RHB Dan Rosenberry 0-0: Called Strike
0-1: Fly out, F8 (Flyball, 8LM)
Batting: RHB Josh Sattler 0-0: Swinging Strike
0-1: Ball
1-1: Ground out 6-3 (Groundball, 6)
Mike Hooey to third
Batting: RHB Jayden Carpenter 0-0: Ball
1-0: Foul Ball, location: 2F
1-1: Swinging Strike
1-2: Foul Ball, location: 2F
1-2: Ball
2-2: Ground out 6-3 (Groundball, 6S)
Bottom of the 2nd over - 1 run, 1 hit, 0 errors, 1 left on base; Vanderbilt 2 - Tennessee 1
TOP OF THE 3RD
Vanderbilt Commodores batting - Pitching for Tennessee Volunteers : RHP Dusty Tomac
Batting: SHB Justin Daley 0-0: Swinging Strike
0-1: Ball
1-1: DOUBLE (Line Drive, 78D)
Batting: RHB Cody Faulkner 0-0: Ball
Justin Daley is caught stealing 3rd base
1-0: Fly out, F9 (Flyball, 9)
Batting: SHB Frank Gaylord 0-0: Called Strike
0-1: Ball
1-1: Foul Ball, location: 2F
1-2: Ground out U3 (Groundball, 3)
Top of the 3rd over - 0 runs, 1 hit, 0 errors, 0 left on base; Vanderbilt 2 - Tennessee 1
BOTTOM OF THE 3RD
Tennessee Volunteers batting - Pitching for Vanderbilt Commodores : RHP Mark Novak
Batting: LHB Harry Broadnax 0-0: Called Strike
0-1: Called Strike
0-2: Ball
1-2: Foul Ball, location: 2F
1-2: Ball
2-2: Foul Ball, location: 2F
2-2: Ball
3-2: Ground out U3 (Groundball, 3)
Batting: RHB Andy LaFerla 0-0: Foul Ball, location: 2F
0-1: Foul Ball, location: 2F
0-2: Ball
1-2: Ball
2-2: Ball
3-2: Ground out 4-3 (Groundball, 4D)
Batting: RHB Nate Clements 0-0: Called Strike
0-1: Swinging Strike
0-2: SINGLE (Flyball, 9S)
Batting: LHB Guy Earley 0-0: Swinging Strike
0-1: Called Strike
0-2: Fly out, F7 (Flyball, 78M)
Bottom of the 3rd over - 0 runs, 1 hit, 0 errors, 1 left on base; Vanderbilt 2 - Tennessee 1
TOP OF THE 4TH
Vanderbilt Commodores batting - Pitching for Tennessee Volunteers : RHP Dusty Tomac
Batting: RHB Justin Fletcher 0-0: Foul Ball, location: 2F
0-1: Swinging Strike
0-2: Strikes out looking
Batting: RHB David Richardson 0-0: Called Strike
0-1: Ball
1-1: Ball
2-1: Ground out 4-3 (Groundball, 34)
Batting: RHB Sean Forbes 0-0: Called Strike
0-1: Ball
1-1: Fly out, F8 (Line Drive, 8RM)
Top of the 4th over - 0 runs, 0 hits, 0 errors, 0 left on base; Vanderbilt 2 - Tennessee 1
BOTTOM OF THE 4TH
Tennessee Volunteers batting - Pitching for Vanderbilt Commodores : RHP Mark Novak
Batting: RHB Byung-doo Shong 0-0: Ball
1-0: Ground out 5-3 (Groundball, 56)
Batting: RHB Mike Hooey 0-0: Called Strike
0-1: Ball
1-1: Ball
2-1: Foul Ball, location: 2F
2-2: Fly out, F5 (Popup, 5DF)
Batting: RHB Dan Rosenberry 0-0: Ground out 6-3 (Groundball, 6S)
Bottom of the 4th over - 0 runs, 0 hits, 0 errors, 0 left on base; Vanderbilt 2 - Tennessee 1
TOP OF THE 5TH
Vanderbilt Commodores batting - Pitching for Tennessee Volunteers : RHP Dusty Tomac
Batting: RHB Nick Eminhizer 0-0: Ball
1-0: Called Strike
1-1: Foul Ball, location: 2F
1-2: Foul Ball, location: 2F
1-2: Ball
2-2: Ball
3-2: Foul Ball, location: 2F
3-2: Ground out 6-3 (Groundball, 6)
Batting: RHB Joe Zinser 0-0: Ball
1-0: Ball
2-0: Ball
3-0: Called Strike
3-1: Foul Ball, location: 2F
3-2: Base on Balls
Batting: RHB Pat Jackson 0-0: Ball
1-0: Ball
2-0: Called Strike
2-1: Called Strike
2-2: Ground out 6-3 (Groundball, 6MS)
Joe Zinser to second
Batting: SHB Justin Daley 0-0: Called Strike
0-1: Ball
1-1: Swinging Strike
1-2: Ball
2-2: Ball
3-2: Foul Ball, location: 2F
3-2: Foul Ball, location: 2F
3-2: SINGLE (Flyball, 8RS)
Joe Zinser to third
Joe Zinser scores
Batting: RHB Cody Faulkner 0-0: Ball
1-0: Called Strike
1-1: Ground out 4-3 (Groundball, 4)
Top of the 5th over - 1 run, 1 hit, 0 errors, 1 left on base; Vanderbilt 3 - Tennessee 1
BOTTOM OF THE 5TH
Tennessee Volunteers batting - Pitching for Vanderbilt Commodores : RHP Mark Novak
Batting: RHB Josh Sattler 0-0: Ball
1-0: Swinging Strike
1-1: DOUBLE (Flyball, 8RD)
Batting: RHB Jayden Carpenter 0-0: Ball
1-0: Foul Ball, location: 2F
1-1: SINGLE (Groundball, 34D)
Josh Sattler to third
Batting: LHB Harry Broadnax 0-0: Ball
1-0: Foul Ball, location: 2F
1-1: Fly out, F6 (Line Drive, 6)
Batting: RHB Andy LaFerla 0-0: Called Strike
Jayden Carpenter steals 2nd base
0-1: Fly out, F9 (Flyball, 9)
Runner from 3rd tags up, OUT at HOME
Bottom of the 5th over - 0 runs, 2 hits, 0 errors, 1 left on base; Vanderbilt 3 - Tennessee 1
TOP OF THE 6TH
Vanderbilt Commodores batting - Pitching for Tennessee Volunteers : RHP Dusty Tomac
Batting: SHB Frank Gaylord 0-0: Called Strike
0-1: Swinging Strike
0-2: Ball
1-2: Ball
2-2: Strikes out swinging
Batting: RHB Justin Fletcher 0-0: Ground out 5-3 (Groundball, 56)
Batting: RHB David Richardson 0-0: Ball
1-0: Fly out, F7 (Flyball, 7S)
Top of the 6th over - 0 runs, 0 hits, 0 errors, 0 left on base; Vanderbilt 3 - Tennessee 1
BOTTOM OF THE 6TH
Tennessee Volunteers batting - Pitching for Vanderbilt Commodores : RHP Mark Novak
Batting: RHB Nate Clements 0-0: Called Strike
0-1: Foul Ball, location: 2F
0-2: Ball
1-2: Ball
2-2: Foul Ball, location: 2F
2-2: Ground out 4-3 (Groundball, 4)
Batting: LHB Guy Earley 0-0: Ball
1-0: Ball
2-0: Foul Ball, location: 2F
2-1: Ball
3-1: Base on Balls
Batting: RHB Byung-doo Shong 0-0: Ball
1-0: SINGLE (Flyball, 8RS)
Guy Earley to second
Runner from 2nd tries for 3rd, SAFE, throw made to third
Batting: RHB Mike Hooey 0-0: Ball
1-0: Fly out, F9 (Flyball, 9LD)
Runner from 3rd tags up, SCORES, no throw
Batting: RHB Dan Rosenberry 0-0: Called Strike
0-1: SINGLE (Groundball, 56D)
Byung-doo Shong to second
Batting: RHB Josh Sattler 0-0: Foul Ball, location: 2F
0-1: Swinging Strike
0-2: Ground out 3-1 (Groundball, 34)
Bottom of the 6th over - 1 run, 2 hits, 0 errors, 2 left on base; Vanderbilt 3 - Tennessee 2
TOP OF THE 7TH
Vanderbilt Commodores batting - Pitching for Tennessee Volunteers : RHP Dusty Tomac
Batting: RHB Sean Forbes 0-0: Called Strike
0-1: Swinging Strike
0-2: Ball
1-2: Strikes out swinging
Batting: RHB Nick Eminhizer 0-0: Foul Ball, location: 2F
0-1: Ball
1-1: Called Strike
1-2: Strikes out swinging
Batting: RHB Joe Zinser 0-0: Ball
1-0: Foul Ball, location: 2F
1-1: SINGLE (Flyball, 8RS)
Batting: RHB Pat Jackson 0-0: Ball
1-0: Fielders Choice at 2nd, 6-4 (Groundball, 6)
Top of the 7th over - 0 runs, 1 hit, 0 errors, 1 left on base; Vanderbilt 3 - Tennessee 2
BOTTOM OF THE 7TH
Tennessee Volunteers batting - Pitching for Vanderbilt Commodores : RHP Mark Novak
Batting: RHB Jayden Carpenter 0-0: Fly out, F6 (Line Drive, 6)
Batting: LHB Harry Broadnax 0-0: Swinging Strike
0-1: Ball
1-1: SINGLE (Groundball, 56D)
Batting: RHB Andy LaFerla 0-0: Ball
1-0: Called Strike
1-1: Ball
2-1: Ground out 5-3 (Groundball, 5)
Harry Broadnax to second
Batting: RHB Nate Clements 0-0: Fly out, F5 (Line Drive, 5)
Bottom of the 7th over - 0 runs, 1 hit, 0 errors, 1 left on base; Vanderbilt 3 - Tennessee 2
TOP OF THE 8TH
Vanderbilt Commodores batting - Pitching for Tennessee Volunteers : RHP Dusty Tomac
Batting: SHB Justin Daley 0-0: Reached on error, E8 (Flyball, 8RD)
Batting: RHB Cody Faulkner 0-0: Ball
1-0: Ball
2-0: Foul Ball, location: 2F
2-1: Ball
3-1: Fly out, F8 (Flyball, 8RS)
Batting: SHB Frank Gaylord 0-0: Ball
1-0: Fly out, F7 (Flyball, 7D)
Batting: RHB Justin Fletcher 0-0: Ball
1-0: Ground out 5-3 (Groundball, 56S)
Top of the 8th over - 0 runs, 0 hits, 1 error, 1 left on base; Vanderbilt 3 - Tennessee 2
BOTTOM OF THE 8TH
Tennessee Volunteers batting - Pitching for Vanderbilt Commodores : RHP Mark Novak
Batting: LHB Guy Earley 0-0: Ball
1-0: Foul Ball, location: 2F
1-1: Called Strike
1-2: Strikes out swinging
Batting: RHB Byung-doo Shong 0-0: Foul Ball, location: 2F
0-1: Called Strike
0-2: Ball
1-2: Foul Ball, location: 2F
1-2: Fly out, F9 (Flyball, 89M)
Batting: RHB Mike Hooey 0-0: Called Strike
0-1: Ball
1-1: Swinging Strike
1-2: Strikes out swinging
Bottom of the 8th over - 0 runs, 0 hits, 0 errors, 0 left on base; Vanderbilt 3 - Tennessee 2
TOP OF THE 9TH
Vanderbilt Commodores batting - Pitching for Tennessee Volunteers : RHP Dusty Tomac
Batting: RHB David Richardson 0-0: Ball
1-0: Foul Ball, location: 2F
1-1: Foul Ball, location: 2F
1-2: Ball
2-2: Reached on error, E4 (Groundball, 4S)
Pitching: RHP Brandon Carter
Batting: RHB Sean Forbes 0-0: Bunt missed!
0-1: Called Strike
David Richardson steals 2nd base
0-2: Ball
1-2: Ball
2-2: Ball
3-2: Base on Balls
Pinch Hitting: RHB Craig Reynolds 0-0: Hit by Pitch
David Richardson to third
Sean Forbes to second
Batting: RHB Joe Zinser 0-0: Ball
1-0: Ball
2-0: Fly out, F5 (Popup, 5SF)
Batting: RHB Pat Jackson 0-0: Called Strike
0-1: Swinging Strike
0-2: Ball
1-2: Ball
2-2: Ball
3-2: Base on Balls
David Richardson scores
Sean Forbes to third
Craig Reynolds to second
Batting: SHB Justin Daley 0-0: Ball
1-0: Called Strike
1-1: Foul Ball, location: 2F
1-2: Ball
2-2: Fly out, F6 (Popup, 6S)
Batting: RHB Cody Faulkner 0-0: Ball
1-0: Ball
2-0: Swinging Strike
2-1: Ball
3-1: Base on Balls
Sean Forbes scores
Craig Reynolds to third
Pat Jackson to second
Batting: SHB Frank Gaylord 0-0: Foul Ball, location: 2F
0-1: Ball
1-1: Ball
2-1: Fly out, F9 (Flyball, 9S)
Top of the 9th over - 2 runs, 0 hits, 1 error, 3 left on base; Vanderbilt 5 - Tennessee 2
BOTTOM OF THE 9TH
Tennessee Volunteers batting - Pitching for Vanderbilt Commodores : RHP Mark Novak
Now at SS: Glen Naquin
Batting: RHB Dan Rosenberry 0-0: Ground out 6-3 (Groundball, 6)
Batting: RHB Josh Sattler 0-0: Called Strike
0-1: Swinging Strike
0-2: Ball
1-2: Ball
2-2: Foul Ball, location: 2F
2-2: Ball
3-2: Ground out 6-3 (Groundball, 6)
Batting: RHB Jayden Carpenter 0-0: Ball
1-0: Called Strike
1-1: Ball
2-1: Called Strike
2-2: Foul Ball, location: 2F
2-2: SINGLE (Groundball, 6MD)
Batting: LHB Harry Broadnax 0-0: Swinging Strike
0-1: Foul Ball, location: 2F
0-2: Ball
1-2: Foul Ball, location: 2F
1-2: Ground out 4-3 (Groundball, 4)
Bottom of the 9th over - 0 runs, 1 hit, 0 errors, 1 left on base; Vanderbilt 5 - Tennessee 2
Tuesday, October 31st, 2017 - OOTP Baseball 18.8 Build 76